Map: Dreamcatcher LE

Players

Buzzkill

  • Race: Terran Terran
  • League: Platinum
  • Spawn Location: 5:00

Demented - Winner!

  • Race: Zerg Zerg
  • League: Platinum
  • Spawn Location: 11:00

VOD

Have the link to the VOD?

Description

Time

  • Played on: Sept. 22, 2018, 8:55 a.m.
  • Length: 13:51
Show
View Real Time Build Order
Export as new Build Order

Buzzkill Terran 

Build Orders:  

Get SALT Encoding   

  12  0:02  SCV  
  14  0:14  SCV  
  14  0:19  Supply Depot  
  14  0:25  Refinery  
  14  0:29  SCV  
  15  0:41  SCV  
  16  0:47  Barracks  
  16  0:56  Refinery, SCV  
  17  1:09  SCV  
  18  1:21  SCV  
  19  1:33  SCV  
  19  1:38  Ghost Academy  
  20  1:40  Barracks Tech Lab  
  20  1:51  Factory  
  17  2:21  Ghost  
  17  2:52  Supply Depot  
  17  3:04  Orbital Command  
  17  3:14  Marine  
  18  3:24  Factory Tech Lab  
  18  3:30  SCV  
  19  3:40  Personal Cloaking  
  19  3:45  SCV  
  23  3:55  Siege Tank  
  23  3:59  SCV  
  24  4:07  Marine  
  25  4:11  SCV  
  26  4:19  Bunker  
  26  4:25  Marine  
  27  4:34  Siege Tank  
  30  4:43  Marine  
  31  4:48  Starport  
  31  4:58  Supply Depot  
  31  5:20  SCV  
  32  5:25  Nuke  
  32  5:28  Medivac  
  32  5:34  Supply Depot  
  34  5:36  SCV  
  35  5:43  Ghost Academy  
  35  5:55  Marine  
  36  5:57  Siege Tank  
  36  6:02  Engineering Bay  
  39  6:12  Marine  
  40  6:19  Nuke  
  40  6:28  Supply Depot  
  40  6:48  Command Center  
  40  7:03  Missile Turret  
  40  7:08  Missile Turret  
  40  7:09  SCV  
  41  7:22  SCV  
  42  7:38  Nuke  
  42  8:01  Nuke  
  42  8:04  Orbital Command  
  42  8:06  Refinery  
  42  8:17  Refinery  
  40  8:24  Siege Tank  
  43  8:33  Fusion Core  
  43  8:35  Missile Turret  
  43  8:37  Starport Tech Lab  
  43  8:40  Terran Infantry Weapons Level 1  
  43  8:46  SCV x2  
  45  8:55  Liberator  
  45  8:58  SCV x2  
  47  9:03  Siege Tank  
  47  9:07  Marine  
  47  9:08  Combat Shield  
  54  9:20  Starport  
  54  9:24  Weapon Refit  
  54  9:25  Marine  
  55  9:39  Missile Turret  
  55  9:43  SCV  
  55  9:44  SCV  
  57  9:55  Starport  
  57  9:58  Marine  
  58  10:16  Marine  
  59  10:22  Liberator  
  59  10:23  Liberator  
  59  10:30  Siege Tank  
  51  10:53  Battlecruiser  
  51  10:54  Marine  
  58  11:08  SCV x2  
  60  11:12  Marine  
  61  11:19  Starport  
  61  11:20  Supply Depot, SCV x2  
  60  11:43  Marauder  
  60  11:44  Siege Tank, Starport Tech Lab  
  60  11:45  Starport Tech Lab  
  62  11:48  Structure Armor  
  62  11:51  SCV  
  62  11:52  SCV  
  64  12:13  Supply Depot  
  64  12:21  SCV  
  64  12:22  SCV  
  66  12:30  Starport Tech Lab  
  66  12:33  Battlecruiser  
  66  12:36  Supply Depot  
  72  12:38  SCV x2  
  80  13:07  Marine  
  78  13:24  Marine  
Show
View Real Time Build Order
Export as new Build Order

Demented Zerg - Winner!

Build Orders: Pool First 

Get SALT Encoding   

  12  0:20  Spawning Pool  
  11  0:21  Drone  
  11  0:26  Drone  
  13  0:31  Drone  
  14  0:40  Overlord  
  14  1:07  Zergling x6  
  17  1:18  Hatchery  
  17  1:20  Zergling x2  
  17  1:29  Drone  
  18  1:36  Queen  
  20  1:41  Zergling x2  
  21  1:56  Drone  
  22  2:13  Zergling x2  
  22  2:14  Overlord  
  20  2:22  Drone  
  20  2:31  Drone  
  20  2:33  Drone  
  22  2:41  Drone  
  22  2:42  Queen  
  25  2:47  Queen  
  25  2:49  Drone  
  28  2:53  Drone  
  28  2:56  Drone  
  30  3:02  Drone  
  30  3:03  Drone x3  
  34  3:06  Overlord  
  34  3:14  Extractor  
  34  3:15  Drone  
  34  3:17  Drone  
  35  3:27  Drone  
  35  3:29  Drone  
  37  3:34  Drone  
  37  3:35  Hatchery  
  37  3:40  Drone  
  38  3:50  Drone x3  
  38  3:51  Drone x2  
  43  3:56  Roach Warren  
  42  4:06  Evolution Chamber  
  42  4:07  Drone x3  
  42  4:09  Evolution Chamber  
  43  4:10  Overlord  
  43  4:11  Drone  
  44  4:30  Extractor, Drone  
  44  4:31  Extractor  
  43  4:32  Drone x3  
  43  4:33  Drone x3  
  43  4:35  Roach  
  43  4:37  Overlord x2  
  51  4:40  Zerg Missile Weapons Level 1  
  51  4:48  Roach x2  
  51  4:50  Overlord  
  55  4:55  Roach  
  55  4:56  Zergling x6  
  55  4:57  Drone  
  55  4:58  Drone x3  
  64  5:02  Drone  
  64  5:06  Roach  
  67  5:10  Roach  
  67  5:11  Roach  
  71  5:17  Roach  
  71  5:21  Roach  
  75  5:22  Drone  
  75  5:25  Overlord  
  75  5:26  Overlord  
  76  5:30  Roach x3  
  76  5:33  Lair  
  82  5:38  Overlord x2  
  82  5:53  Roach x5  
  82  5:54  Roach  
  82  5:55  Roach  
  94  6:01  Roach x2  
  98  6:07  Spore Crawler x2  
  98  6:09  Spore Crawler  
  95  6:16  Spore Crawler  
  95  6:18  Roach x5  
  102  6:21  Spore Crawler, Drone x2  
  107  6:25  Roach  
  107  6:26  Roach  
  107  6:27  Zergling x2  
  110  6:37  Roach x2  
  110  6:39  Overlord x2  
  114  6:55  Overlord x3  
  114  6:56  Queen  
  114  6:57  Roach  
  114  6:58  Roach  
  114  6:59  Roach  
  122  7:02  Drone x2  
  122  7:03  Drone  
  122  7:07  Roach x2  
  129  7:09  Drone  
  130  7:24  Hydralisk Den  
  130  7:25  Roach x2  
  130  7:26  Drone x2, Roach x3  
  130  7:27  Drone  
  142  7:31  Drone x2  
  142  7:32  Drone  
  145  7:49  Overseer  
  145  7:50  Overseer  
  144  7:58  Roach x2  
  144  7:59  Roach  
  154  8:12  Overseer  
  148  8:21  Roach x3  
  154  8:34  Overlord x4  
  154  8:35  Extractor  
  153  8:45  Hydralisk  
  153  8:46  Extractor  
  153  8:48  Overlord x4  
  154  8:51  Extractor  
  154  8:55  Grooved Spines  
  153  9:01  Spine Crawler  
  152  9:05  Spore Crawler  
  152  9:07  Ravager  
  152  9:08  Spore Crawler, Ravager  
  152  9:11  Roach x3  
  158  9:19  Drone x3  
  158  9:20  Drone x3  
  158  9:22  Drone x2  
  158  9:23  Drone  
  167  9:25  Drone x3  
  167  9:29  Hatchery, Zerg Ground Armor Level 1  
  169  9:35  Drone x2  
  169  9:36  Drone  
  172  9:50  Drone x3  
  175  9:56  Roach x4  
  175  9:57  Ravager x4  
  187  10:04  Extractor  
  184  10:08  Extractor, Roach x2  
  184  10:09  Roach x6  
  199  10:25  Overlord x3  
  177  10:45  Roach x5  
  177  10:46  Roach x6  
  186  10:57  Ravager  
  186  10:59  Ravager x2  
  186  11:00  Ravager x2  
  186  11:01  Ravager x2  
  186  11:03  Ravager  
  194  11:06  Hydralisk  
  194  11:08  Zergling x2  
  194  11:09  Drone x2  
  196  11:35  Spine Crawler  
  189  11:42  Roach x5  
  189  11:43  Roach x4  
  189  11:45  Ravager x3  
  189  11:46  Ravager x2  
  180  12:03  Hydralisk x7  
  180  12:06  Ravager  
  180  12:07  Ravager  
  188  12:09  Hydralisk  
  188  12:12  Drone x3  
  193  12:27  Infestation Pit  
  192  12:31  Drone x3  
  192  12:32  Drone x3  
  192  12:34  Ravager x2  
  191  12:47  Roach x4  
  196  12:56  Roach x2  
  196  12:57  Roach x5  
  199  13:00  Ravager  
  164  13:28  Roach  
  164  13:29  Roach x6  
Tags
 
Add a new tag
Caveats
  • Supply blocks, unpowered buildings, or Contaminate may cause inaccurate times.
  • Supply counts are checked every 10 seconds.